 Dungeon Crawl Stone Soup version 0.20.0-15-g7f486f2 (webtiles) character file.

245 vishdafish the Cudgeler (level 5, -8/53 HPs)
             Began as a Troll Fighter on June 19, 2017.
             Was a Follower of Qazlal.
             Mangled by an iguana (10 damage)
             ... on level 5 of the Dungeon.
             The game lasted 00:04:40 (2048 turns).

vishdafish the Cudgeler (Troll Fighter)             Turns: 2048, Time: 00:04:41

Health: -8/53      AC:  5    Str: 24    XL:     5   Next: 84%
Magic:  4/4        EV:  9    Int:  4    God:    Qazlal [*.....]
Gold:   186        SH: 10    Dex: 10    Spells: 4/4 levels left

rFire    . . .     SeeInvis .   a - +0 flail
rCold    . . .     Gourm    +   c - +0 shield
rNeg     . . .     Faith    .   b - +0 robe
rPois    .         Spirit   .   (helmet restricted)
rElec    .         Reflect  .   (no cloak)
rCorr    .         Harm     .   (gloves unavailable)
MR       .....                  (boots unavailable)
Stlth    +.........             (no amulet)
Regen    0.6/turn               (no ring)
MPRegen  0.1/turn               (no ring)

@: no status effects
A: unfitting armour, claws 3, fast metabolism 3, gourmand, regeneration 1,
shaggy fur 1, tough skin 2
a: Renounce Religion


You were on level 5 of the Dungeon.
You worshipped Qazlal.
Qazlal was aware of your devotion.
You were not hungry.

You visited 1 branch of the dungeon, and saw 5 of its levels.

You collected 186 gold pieces.

Inventory:

Hand Weapons
 a - a +0 flail (weapon)
Armour
 b - a +0 robe (worn)
 c - a +0 shield (worn)
Scrolls
 g - 3 scrolls of identify {unknown}
 i - a scroll of teleportation {unknown}
 o - a scroll of remove curse {unknown}
 q - 2 scrolls of amnesia {unknown}
 r - a scroll of enchant armour {unknown}
Potions
 d - a potion of might
 e - a potion of mutation {unknown}
 f - a potion of haste {unknown}
 j - a potion of cancellation {unknown}
 k - a potion of flight {unknown}
 l - 2 potions of heal wounds {unknown}
 p - a potion of lignification {unknown}
 s - a potion of curing {unknown}
Comestibles
 h - a royal jelly
 m - a fruit
 n - a bread ration


   Skills:
 + Level 3.2 Fighting
 + Level 3.5 Maces & Flails
 + Level 3.5 Dodging
 + Level 0.1 Stealth
 + Level 3.1 Shields


You had 4 spell levels left.
You didn't know any spells.

Dungeon Overview and Level Annotations

Branches:
Dungeon (5/15)
 Temple: D:4-7

Altars:
Cheibriados
Qazlal


Innate Abilities, Weirdness & Mutations

You are too large for most types of armour.
You have claws for hands.
Your metabolism is lightning-fast.
You like to eat raw meat.
Your natural rate of healing is unusually fast.
You are covered in fur. (AC +1)
You have very tough skin. (AC +2)


Message History

The leopard gecko bites you but does no damage.
The iguana hisses angrily.
You block the leopard gecko's attack. The leopard gecko barely misses you.
The leopard gecko bites you but does no damage.
The leopard gecko bites you. You block the leopard gecko's attack.
The leopard gecko bites you but does no damage.
The iguana bites you! You block the leopard gecko's attack.
The iguana barely misses you. You block the leopard gecko's attack.
The iguana bites you!
* * * LOW HITPOINT WARNING * * *
The leopard gecko bites you but does no damage.
The iguana bites you.
* * * LOW HITPOINT WARNING * * *
You block the leopard gecko's attack. The iguana bites you.
* * * LOW HITPOINT WARNING * * *
The leopard gecko bites you but does no damage.
The iguana bites you!
You die...

###
######..#
...#
#.......#
#..
#.....(.#
#..#.......#
#.#.......#
.........#
#.ll....#
#.@.....#
#.<.....#
#.......#
#########


You could see an iguana and a leopard gecko.

Vanquished Creatures
  Natasha (thrice) (D:2)
  A hound zombie (D:3)
  2 hound skeletons (D:3)
  6 adders
  An adder skeleton (D:3)
  A worm (D:2)
  2 leopard geckos (D:3)
  8 orcs (D:3)
  2 giant cockroaches (D:2)
  10 goblins
  4 hobgoblins
  3 jackals (D:5)
  4 ball pythons
  A ball python skeleton (D:3)
  A ball python zombie (D:3)
  3 bats (D:2)
  5 frilled lizards
  8 kobolds
  A leopard gecko zombie (D:3)
  2 quokka skeletons
  7 rats
75 creatures vanquished.

Notes
Turn   | Place    | Note
-------+----------+-------------------------------------------
     0 | D:1      | vishdafish the Troll Fighter began the quest for the Orb.
     0 | D:1      | Reached XP level 1. HP: 22/22 MP: 0/0
   144 | D:1      | Reached XP level 2. HP: 29/29 MP: 1/1
   405 | D:2      | Noticed Natasha
   412 | D:2      | Killed Natasha
   412 | D:2      | Reached XP level 3. HP: 18/36 MP: 2/2
   750 | D:2      | Noticed Natasha
   758 | D:2      | Killed Natasha
   758 | D:2      | Reached XP level 4. HP: 44/44 MP: 3/3
   889 | D:2      | Noticed Natasha
   894 | D:2      | Killed Natasha
   997 | D:2      | Found a snail-covered altar of Cheibriados.
  1069 | D:3      | Reached XP level 5. HP: 46/52 MP: 4/4
  1848 | D:3      | Found a faded altar of an unknown god.
  1933 | D:3      | Became a worshipper of Qazlal Stormbringer
  1933 | D:3      | Reached * piety under Qazlal
  1982 | D:5      | Entered Level 5 of the Dungeon
  2046 | D:5      | HP: 1/53 [iguana (3)]
  2048 | D:5      | Mangled by an iguana

Skill      XL: |  1  2  3  4  5 |
---------------+----------------+-----
Maces & Flails | 2 3 |  3.5
Dodging        | 3 |  3.5
Shields        | 3 |  3.1
Fighting       | 3 |  3.2
Stealth        | |  0.1

Action                   |  1- 3 |  4- 6 || total
-------------------------+-------+-------++-------
Melee: Flail             |    87 |   175 ||   262
 Stab: Sleeping          |     1 |     2 ||     3
  Eat: Bread ration      |     1 |     1 ||     2
       Chunk             |     2 |     4 ||     6
       Royal jelly       |       |     1 ||     1
Armor: Robe              |    36 |    83 ||   119
Dodge: Dodged            |    27 |   108 ||   135
Block: Shield            |    43 |   151 ||   194
